 Dungeon Crawl Stone Soup version 0.21.1-1-g345015f (webtiles) character file.

2461 Monzz the Cudgeler (level 9, -4/85 HPs)
             Began as a Troll Fighter on May 7, 2018.
             Was a Believer of Okawaru.
             Slain by an orc warrior
             ... wielding a +0 hand axe
              (21 damage)
             ... on level 8 of the Dungeon.
             The game lasted 00:25:15 (5946 turns).

Monzz the Cudgeler (Troll Fighter)                  Turns: 5946, Time: 00:25:15

Health: -4/85      AC:  9    Str: 30    XL:     9   Next: 26%
Magic:  0/0        EV: 10    Int:  6    God:    Okawaru [**....]
Gold:   320        SH: 11    Dex: 10    Spells: 8/8 levels left

rFire    + . .     SeeInvis .   b - +3 whip
rCold    . . .     Gourm    +   c - +1 shield
rNeg     + + .     Faith    .   E - +2 robe of the New World {rN+ MP-9 Str+4}
rPois    .         Spirit   .   l - +2 hat
rElec    .         Reflect  .   (no cloak)
rCorr    .         Harm     .   (gloves unavailable)
MR       +....                  (boots unavailable)
Stlth    +.........             B - amulet of regeneration
HPRegen  1.04/turn              o - ring of positive energy
MPRegen  0.07/turn              y - ring of protection from fire

@: no status effects
A: large, unfitting armour, claws 3, talons 1, fast metabolism 3, gourmand,
magic resistance 1, regeneration 1, shaggy fur 1, tough skin 2
a: Heroism, Renounce Religion


You were on level 8 of the Dungeon.
You worshipped Okawaru.
Okawaru was pleased with you.
You were full.

You visited 1 branch of the dungeon, and saw 8 of its levels.

You collected 410 gold pieces.
You spent 90 gold pieces at shops.

Inventory:

Hand Weapons
 b - a +3 whip (weapon)
 i - a +2 dagger of venom
 r - a +0 blowgun
 t - a +1 quarterstaff of crushing
 A - a +2 flail of crushing
Missiles
 m - 47 poisoned needles
 z - 7 tomahawks of dispersal (quivered)
Armour
 c - a +1 shield (worn)
 l - a +2 hat (worn)
 w - the +2 robe "Cior" {MR+ Regen+}
   (You found it on level 5 of the Dungeon)

   It affects your resistance to hostile enchantments.
   It increases your rate of regeneration.
 E - the +2 robe of the New World (worn) {rN+ MP-9 Str+4}
   (You found it on level 7 of the Dungeon)

   It affects your strength (+4).
   It protects you from negative energy.
   It affects your magic capacity (-9).
Jewellery
 a - an uncursed ring of protection from fire
 o - a ring of positive energy (left claw)
 s - an uncursed ring of protection from cold
 y - a ring of protection from fire (right claw)
 B - an amulet of regeneration (around neck)
Wands
 F - a wand of polymorph (6)
Scrolls
 h - 2 scrolls of remove curse
 k - a scroll of amnesia
 n - 6 scrolls of identify
 v - 3 scrolls of magic mapping
Potions
 d - a potion of might
 p - a potion of curing
Books
 q - a book of Debilitation

   Spells                             Type                      Level
   a - Corona                         Hexes                        1
   b - Slow                           Hexes                        2
   c - Inner Flame                    Hexes/Fire                   3
   d - Portal Projectile              Hexes/Translocation          3
   e - Cause Fear                     Hexes                        4
   f - Leda's Liquefaction            Hexes/Earth                  4
 u - a book of Maledictions

   Spells                             Type                      Level
   a - Corona                         Hexes                        1
   b - Ensorcelled Hibernation        Hexes/Ice                    2
   c - Confuse                        Hexes                        3
   d - Tukima's Dance                 Hexes                        3
   e - Dazzling Spray                 Conjuration/Hexes            3
Comestibles
 f - 10 rations


   Skills:
 + Level 4.5 Fighting
 * Level 7.8 Maces & Flails
   Level 2.0 Polearms
 + Level 0.1 Throwing
 + Level 4.9 Dodging
 + Level 1.3 Stealth
 + Level 4.8 Shields


You had 8 spell levels left.
You didn't know any spells.

Dungeon Overview and Level Annotations

Branches:
Dungeon (8/15)             Temple (0/1) D:7
   Lair: D:8-11

Altars:
Cheibriados
Okawaru
Qazlal
Ru
Zin
The Shining One


Innate Abilities, Weirdness & Mutations

You are too large for most types of armour.
You have claws for hands.
Your metabolism is lightning-fast.
You like to eat raw meat.
Your natural rate of healing is unusually fast.
You are covered in fur. (AC +1)
You have very tough skin. (AC +2)
You have sharp toenails.
You are resistant to hostile enchantments. (MR+)


Message History

The orc is heavily wounded.
The orc barely misses you.
The orc warrior hits you with a hand axe!
* * * LOW HITPOINT WARNING * * *
You hit the orc.
The orc is almost dead.
You block the orc's attack.
The orc warrior hits you with a hand axe!
* * * LOW HITPOINT WARNING * * *
You hit the orc.
You kill the orc!
Okawaru accepts your kill.
You hit the orc. You claw the orc, but do no damage.
The orc is almost dead.
You block the orc warrior's attack. You block the orc's attack.
You hit the orc.
You kill the orc!
Okawaru accepts your kill.
The orc warrior hits you with a hand axe!!
You die...

#.######.##.##.#.# #.#
#.##.##.#.# ..#
#.##.##.#.## ###
#.#........# ..#
#.######...# #.#
#..........# #.#
###..........#
#.####............#
#....'.........#@o#####
######........###)#...#####
.....'........'........o..#
######........#........##o#
####..............# $o
#......####....#


oo. #......# ###..# .o. #.....)# #..# o. # #......# #..# o You could see an orc
warrior.

Vanquished Creatures
  The ghost of Setanta the Chopper, a novice HuFi (D:4)
  A hippogriff (D:7)
  Grum (D:8)
  A phantom (D:4)
  An orc warrior (D:8)
  5 wolves (D:8)
  An ogre (D:4)
  2 centaurs
  A bullfrog (D:8)
  Blork the orc (D:5)
  A scorpion (D:4)
  2 killer bees (D:8)
  2 crimson imps
  A bullfrog zombie (D:5)
  2 jellies (D:3)
  A centaur skeleton (D:7)
  A hound (D:8)
  An orc priest (D:8)
  2 iguanas
  2 orc wizards (D:5)
  4 worker ants
  2 killer bee zombies
  A hound skeleton (D:4)
  4 gnolls (D:4)
  8 adders
  A shadow imp (D:7)
  10 oozes
  An adder skeleton (D:4)
  2 adder zombies
  4 leopard geckos
  19 orcs
  3 ball pythons
  3 giant cockroaches (D:1)
  6 goblins
  2 jackals (D:8)
  12 kobolds
  2 quokkas
  4 bats
  4 frilled lizards
  7 rats
  A fungus (D:3)
130 creatures vanquished.

Vanquished Creatures (others)
  A fungus (D:3)
  9 toadstools (D:3)
10 creatures vanquished.

Grand Total: 140 creatures vanquished

Notes
Turn   | Place    | Note
-------+----------+-------------------------------------------
     0 | D:1      | Monzz the Troll Fighter began the quest for the Orb.
     0 | D:1      | Reached XP level 1. HP: 22/22 MP: 0/0
   177 | D:1      | Reached XP level 2. HP: 29/29 MP: 1/1
   767 | D:2      | Found a snail-covered altar of Cheibriados.
   852 | D:2      | Reached XP level 3. HP: 25/36 MP: 2/2
   903 | D:2      | Found a sacrificial altar of Ru.
  1015 | D:2      | Found a glowing golden altar of the Shining One.
  1458 | D:3      | Reached XP level 4. HP: 40/44 MP: 3/3
  1475 | D:3      | Reached skill level 1 in Maces & Flails
  1500 | D:3      | Reached XP level 5. HP: 52/52 MP: 4/4
  1505 | D:3      | Reached skill level 2 in Maces & Flails
  2299 | D:4      | Noticed an ogre
  2310 | D:4      | Killed an ogre
  2310 | D:4      | Reached skill level 3 in Maces & Flails
  2310 | D:4      | Reached XP level 6. HP: 33/61 MP: 5/5
  2423 | D:4      | Noticed Setanta's ghost (novice HuFi)
  2440 | D:4      | Gained mutation: You are resistant to hostile enchantments. (MR+) [potion of mutation]
  2440 | D:4      | Gained mutation: You have sharp toenails. [potion of mutation]
  2456 | D:4      | Killed Setanta's ghost
  2456 | D:4      | Reached skill level 4 in Maces & Flails
  2456 | D:4      | Reached XP level 7. HP: 24/67 MP: 6/6
  2457 | D:4      | Found Zin's Purification Station.
  2457 | D:4      | Found a glowing silver altar of Zin.
  2468 | D:4      | Bought a potion of curing for 90 gold pieces
  2529 | D:4      | Found an iron altar of Okawaru.
  2531 | D:4      | Became a worshipper of Warmaster Okawaru
  2837 | D:4      | Reached skill level 5 in Maces & Flails
  3137 | D:5      | Entered Level 5 of the Dungeon
  3292 | D:5      | Reached * piety under Okawaru
  3691 | D:5      | Noticed Blork the orc
  3700 | D:5      | Killed Blork the orc
  3700 | D:5      | Reached skill level 6 in Maces & Flails
  3700 | D:5      | Reached XP level 8. HP: 61/75 MP: 7/7
  3741 | D:5      | Got a fine robe
  3752 | D:5      | Identified the +2 robe "Cior" {MR+ Regen+} (You found it on level 5 of the Dungeon)
  3943 | D:6      | Found a stormy altar of Qazlal.
  4652 | D:7      | Noticed a hippogriff
  4662 | D:7      | Killed a hippogriff
  4747 | D:7      | Got a twisted robe
  4758 | D:7      | Identified the +2 robe of the New World {rN+ MP-9 Str+4} (You found it on level 7 of the Dungeon)
  4826 | D:7      | Found a staircase to the Ecumenical Temple.
  5043 | D:7      | Reached skill level 7 in Maces & Flails
  5219 | D:8      | Reached skill level 1 in Stealth
  5266 | D:8      | Noticed Grum
  5308 | D:8      | Reached ** piety under Okawaru
  5319 | D:8      | Killed Grum
  5354 | D:8      | Reached XP level 9. HP: 44/84 MP: 0/8
  5946 | D:8      | Slain by an orc warrior

Skill      XL: |  1  2  3  4  5  6  7  8 |
---------------+-------------------------+-----
Polearms       | 2 |  2.0
Shields        | 3 4 |  4.8
Maces & Flails | 1 3 4 6 7 |  7.8
Dodging        | 3 4 |  4.9
Fighting       | 3 4 |  4.5
Stealth        | 1 |  1.3
Throwing       | |  0.1

Action                   |  1- 3 |  4- 6 |  7- 9 || total
-------------------------+-------+-------+-------++-------
Melee: Trident           |   109 |       |     7 ||   116
       Whip              |    40 |   120 |   275 ||   435
       Kick              |       |     5 |    89 ||    94
       Flail             |       |       |    57 ||    57
       Dire flail        |       |       |     2 ||     2
 Fire: Blowgun           |       |       |     2 ||     2
Evoke: Wand              |       |       |     4 ||     4
  Use: Scroll            |       |     5 |     7 ||    12
       Potion            |       |     3 |    12 ||    15
 Stab: Sleeping          |       |       |     3 ||     3
  Eat: Chunk             |     7 |    11 |    26 ||    44
       Ration            |     1 |       |     3 ||     4
Armor: Robe              |    48 |    30 |    83 ||   161
       Skin              |       |       |    59 ||    59
Dodge: Dodged            |    60 |    25 |   129 ||   214
Block: Shield            |    80 |    37 |   195 ||   312
